Map: Rovine di Endion

Players

Jhyrachy

  • Race: Zerg Zerg
  • League: Gold

Trung - Winner!

  • Race: Zerg Zerg
  • League: Gold

VOD

Have the link to the VOD?

Description

Time

  • Played on: April 12, 2016, 1:04 p.m.
  • Length: 18:45
Show
View Real Time Build Order
Export as new Build Order

Jhyrachy Zerg 

Build Orders: Hatch First 

Get SALT Encoding   

  12  0:01  Drone  
  13  0:08  Drone  
  14  0:19  Overlord  
  14  0:27  Extractor  
  13  0:29  Extractor  
  13  0:30  Drone x2  
  16  0:38  Drone  
  17  0:57  Hatchery  
  17  0:58  Drone  
  17  1:02  Extractor  
  17  1:03  Drone  
  17  1:21  Spawning Pool  
  16  1:29  Drone  
  16  1:30  Drone  
  16  1:31  Overlord  
  18  2:00  Drone  
  19  2:02  Overlord  
  19  2:08  Metabolic Boost  
  19  2:13  Queen x2  
  23  2:23  Zergling x4  
  23  2:25  Drone  
  23  2:27  Drone  
  27  2:37  Drone  
  27  2:38  Drone, Overlord  
  29  3:00  Drone x2  
  29  3:01  Drone  
  32  3:25  Drone x4  
  36  3:33  Lair  
  36  3:38  Extractor, Drone x3  
  36  3:39  Drone x2  
  36  3:40  Drone  
  41  3:41  Drone  
  41  3:42  Drone  
  42  3:51  Extractor  
  42  3:53  Extractor  
  40  3:56  Drone  
  40  3:57  Drone x2  
  40  3:58  Drone  
  40  3:59  Drone  
  46  4:02  Drone  
  46  4:04  Overlord x2  
  46  4:35  Spire  
  45  4:44  Queen  
  47  4:52  Hatchery  
  46  4:56  Overlord x3  
  46  5:16  Spore Crawler  
  46  5:20  Spore Crawler  
  44  5:22  Drone x2  
  44  5:23  Drone  
  47  5:30  Spore Crawler  
  46  5:55  Mutalisk  
  46  5:56  Mutalisk x9  
  66  6:32  Roach Warren  
  65  6:34  Drone x3  
  65  6:36  Evolution Chamber  
  65  6:39  Evolution Chamber  
  64  6:59  Mutalisk  
  64  7:00  Mutalisk x6  
  66  7:15  Zerg Missile Weapons Level 1  
  66  7:38  Roach x11  
  88  7:50  Overlord x3  
  88  7:51  Overlord  
  88  8:11  Roach x8  
  104  8:15  Overlord  
  104  8:29  Corruptor x3  
  110  8:36  Drone x3  
  113  8:44  Extractor  
  112  8:54  Overlord x2  
  112  8:56  Overlord  
  112  9:20  Corruptor x7  
  125  9:41  Roach  
  125  9:42  Roach x5  
  67  11:05  Roach  
  67  11:06  Roach x11  
  67  11:11  Zerg Ground Armor Level 1, Zerg Missile Weapons Level 2  
  91  11:16  Overseer x2  
  87  11:22  Glial Reconstitution  
  83  11:41  Roach x6  
  83  11:42  Roach x7  
  109  12:12  Roach x8  
  109  12:13  Roach x2  
  109  12:14  Overlord x4  
  127  12:34  Roach x5  
  127  12:35  Roach x2  
  141  12:45  Burrow  
  139  13:04  Overseer  
  123  13:17  Roach x9  
  123  13:18  Roach x10  
  143  13:33  Queen  
  78  14:02  Drone x5  
  83  14:03  Drone  
  83  14:06  Queen x2  
  88  14:12  Pneumatized Carapace  
  88  14:19  Mutalisk  
  88  14:20  Mutalisk x5  
  100  14:59  Zerg Ground Armor Level 2  
  100  15:25  Hatchery  
  100  15:27  Roach  
  100  15:28  Roach x14  
  121  15:32  Queen  
  131  15:47  Extractor  
  130  16:12  Ravager x7  
  130  16:13  Ravager x9  
  82  17:35  Roach x11  
  82  17:36  Roach  
Show
View Real Time Build Order
Export as new Build Order

Trung Zerg - Winner!

Build Orders: Pool First, Lurkers 

Get SALT Encoding   

  12  0:01  Drone  
  13  0:10  Drone  
  14  0:22  Extractor  
  14  0:23  Drone, Overlord  
  15  0:43  Spawning Pool  
  15  0:44  Drone  
  15  0:55  Drone x2  
  17  0:58  Drone  
  18  1:06  Extractor  
  18  1:07  Drone, Extractor  
  17  1:21  Drone  
  18  1:31  Queen  
  20  1:41  Hatchery, Zergling x2  
  20  1:43  Zergling x2  
  21  2:06  Drone  
  22  2:09  Overlord  
  22  2:21  Lair  
  22  2:29  Zergling x4  
  25  2:37  Drone  
  25  2:57  Zergling x2  
  25  2:58  Zergling x4  
  28  3:08  Drone  
  28  3:10  Drone x2  
  30  3:30  Hydralisk Den  
  29  3:41  Drone x3  
  30  3:46  Drone x3  
  35  3:49  Overlord  
  35  3:57  Spire  
  35  3:59  Overlord  
  34  4:08  Lurker Den  
  35  4:10  Drone, Queen  
  35  4:13  Drone x2  
  35  4:15  Drone  
  40  4:23  Extractor  
  39  4:26  Extractor  
  39  4:28  Hydralisk  
  39  4:31  Overseer  
  40  4:33  Drone x2  
  40  4:36  Drone  
  40  4:37  Drone  
  44  4:39  Drone  
  44  4:43  Drone  
  46  4:51  Drone  
  47  4:58  Drone  
  47  4:59  Drone x3  
  51  5:02  Overlord  
  51  5:08  Overlord x2  
  51  5:35  Lurker  
  52  5:39  Drone x5  
  57  6:00  Mutalisk x2  
  61  6:11  Zerg Flyer Weapons Level 1  
  61  6:13  Mutalisk x5  
  61  6:14  Mutalisk x2  
  61  6:17  Hatchery, Overlord  
  74  6:22  Overlord  
  74  6:24  Overlord  
  74  6:38  Hydralisk x2  
  74  6:39  Hydralisk  
  78  6:57  Hydralisk  
  74  7:01  Mutalisk x3  
  76  7:17  Mutalisk x2  
  80  7:32  Mutalisk  
  80  7:33  Mutalisk  
  80  7:35  Drone  
  85  7:37  Queen  
  85  7:42  Drone  
  88  7:55  Extractor x2, Hydralisk x3  
  88  7:56  Hydralisk x2  
  94  8:06  Queen  
  94  8:08  Overlord x3  
  96  8:16  Drone  
  97  8:29  Hydralisk  
  99  8:34  Hydralisk  
  99  8:35  Hydralisk x2  
  99  8:40  Drone x3  
  108  8:50  Zerg Flyer Armor Level 1  
  108  8:52  Drone, Muscular Augments  
  108  8:53  Drone x2  
  111  8:56  Drone x3  
  111  8:58  Extractor  
  113  9:08  Spore Crawler  
  113  9:09  Hydralisk x3  
  118  9:23  Spore Crawler  
  117  9:26  Hydralisk x2  
  117  9:28  Overlord x3  
  81  10:04  Hydralisk x5  
  79  10:10  Hydralisk x6  
  91  10:18  Evolution Chamber  
  91  10:20  Hydralisk x4  
  91  10:21  Hydralisk, Evolution Chamber  
  87  10:45  Hydralisk x5  
  93  11:16  Hatchery  
  90  11:20  Hydralisk x5  
  100  11:27  Hydralisk x3  
  100  11:28  Hydralisk  
  100  11:30  Overlord  
  100  11:32  Zerg Missile Weapons Level 1  
  108  11:35  Zerg Ground Armor Level 1  
  108  11:54  Lurker x2  
  110  11:58  Hydralisk x3  
  116  12:09  Overlord x2  
  116  12:10  Overlord  
  114  12:31  Overseer  
  114  12:34  Hydralisk  
  114  12:35  Hydralisk x2  
  120  12:44  Drone  
  121  12:49  Hydralisk  
  123  13:04  Hatchery  
  55  13:56  Lurker x3  
  55  13:59  Hydralisk  
  55  14:00  Hydralisk x5  
  70  14:04  Hydralisk  
  70  14:05  Hydralisk x2  
  70  14:08  Hydralisk x4  
  70  14:09  Hydralisk  
  86  14:28  Hydralisk x2  
  90  14:49  Hatchery  
  89  14:53  Zerg Missile Weapons Level 2, Zerg Ground Armor Level 2  
  89  14:55  Hydralisk x2  
  93  15:05  Drone x3  
  96  15:21  Roach Warren  
  96  15:25  Drone  
  96  15:33  Hydralisk x4  
  104  15:41  Lurker x2  
  106  15:46  Hydralisk  
  108  16:10  Hydralisk x6  
  117  16:36  Roach  
  117  16:37  Roach x4  
  107  17:14  Roach x2  
  107  17:15  Roach  
  90  17:46  Roach x3  
  90  17:47  Roach x2  
  90  17:49  Hydralisk x3  
  90  17:50  Hydralisk x6  
  118  18:01  Drone x3  
  118  18:02  Extractor, Queen  
  122  18:06  Extractor  
  121  18:19  Hydralisk x3  
Tags
 
Add a new tag
Caveats
  • Supply blocks, unpowered buildings, or Contaminate may cause inaccurate times.
  • Supply counts are checked every 10 seconds.